 Dungeon Crawl Stone Soup version 0.16-a0-3992-g631dd12 (webtiles) character file.

522 velleities the Purveyor of Pain (level 7, -5/49 HPs)
             Began as a Demonspawn Necromancer on Feb 12, 2015.
             Was an Initiate of Kikubaaqudgha.
             Slain by a hippogriff (6 damage)
             ... on level 5 of the Dungeon.
             The game lasted 00:12:00 (4940 turns).

velleities the Purveyor of Pain (DsNe)              Turns: 4940, Time: 00:12:01

Health: -5/49      AC:  3    Str:  9    XL:     7   Next: 2%
Magic:  0/15       EV: 17    Int: 18    God:    Kikubaaqudgha [......]
Gold:   220        SH:  0    Dex: 18    Spells: 4 memorised, 1 level left

rFire  . . .     SeeInvis .     p - +0 flail
rCold  . . .     Clarity  .     a - +0 robe
rNeg   . . .     SustAb   .     (no shield)
rPois  .         Gourm    .     (helmet restricted)
rElec  .         Spirit   +     (no cloak)
rCorr  .         Warding  .     (no gloves)
rMut   .         Stasis   .     (no boots)
MR     .....                    s - amulet of guardian spirit
Stlth  ++++......               (no ring)
                                (no ring)

@: agile, about to teleport, very slightly contaminated, hasted, very quick, not
resistant to hostile enchantments, stealthy
A: horns 1, rugged brown scales 1, nightstalker 1
a: Renounce Religion


You were on level 5 of the Dungeon.
You worshipped Kikubaaqudgha.
Kikubaaqudgha was noncommittal.
You were not hungry.

You visited 2 branches of the dungeon, and saw 6 of its levels.

You collected 220 gold pieces.

Inventory:

Hand weapons
 o - a +0 dagger
 p - a +0 flail (weapon)
Armour
 a - a +0 robe (worn)
Jewellery
 s - an amulet of guardian spirit (around neck)
 A - an uncursed amulet of warding
Magical devices
 y - a wand of cold (5)
Scrolls
 f - a scroll of amnesia
 h - a scroll of enchant armour {unknown}
 k - 2 scrolls of enchant weapon
 n - 3 scrolls of remove curse
Potions
 d - a potion of flight {unknown}
 e - a potion of might {unknown}
 i - a potion of agility
 m - a potion of degeneration {unknown}
 r - a potion of mutation {unknown}
 t - a potion of brilliance {unknown}
 w - a potion of ambrosia {unknown}
 B - a potion of restore abilities {unknown}
Books
 b - a book of Necromancy

   Spells                             Type                      Level
   a - Pain                           Necromancy                   1
   b - Animate Skeleton               Necromancy                   1
   c - Vampiric Draining              Necromancy                   3
   d - Regeneration                   Charms/Necromancy            3
   e - Animate Dead                   Necromancy                   4
   f - Control Undead                 Necromancy                   4
Comestibles
 c - 4 bread rations
 q - 2 slices of pizza
 u - a beef jerky
 v - a meat ration
 x - a royal jelly


   Skills:
 - Level 1.1 Fighting
 - Level 1.7 Dodging
 - Level 2.8 Stealth
 * Level 3.4 Spellcasting
 - Level 8.1 Necromancy


You had one spell level left.
You knew the following spells:

 Your Spells              Type           Power        Failure   Level  Hunger
a - Pain                  Necr           ####         1%          1    None
b - Vampiric Draining     Necr           ####......   1%          3    ###....
c - Animate Dead          Necr           N/A          8%          4    ####...
d - Regeneration          Chrm/Necr      ###.......   12%         3    ###....


Dungeon Overview and Level Annotations

Branches:
Dungeon (5/15)             Temple (1/1) D:4

Altars:
Kikubaaqudgha
Makhleb
Sif Muna
Vehumet
Zin
The Shining One


Innate Abilities, Weirdness & Mutations

You have a pair of small horns on your head.
You are partially covered in rugged brown scales (AC +1, +3% HP).
You are slightly more attuned to the shadows.


Message History

Aiming: Pain
Press: ? - help, Shift-Dir - straight line, f/p - hippogriff
Aim: a hippogriff (severely wounded, hasn't noticed you, chance 84%)
The hippogriff screeches!
The hippogriff convulses in agony!
The hippogriff closely misses you. The hippogriff closely misses you. x2
You are too injured to fight recklessly!
You are too injured to fight recklessly!
Drink which item? (? for menu, Esc to quit)
You feel more agile all of a sudden. The hippogriff bites you!
* * * LOW HITPOINT WARNING * * *
The hippogriff misses you. The hippogriff claws you.
* * * LOW HITPOINT WARNING * * *
Read which item? (? for menu, Esc to quit)
As you read the scroll labeled BAECWE SHUDWAO, it crumbles to dust.
You feel strangely unstable.
It was a scroll of teleportation.
The hippogriff bites you!
You die...
Kikubaaqudgha rasps: "You have failed me!
Welcome... death!"

*,*
#.........Z[....##.###...###
*,*
##.###.ZZ######.#...........
*,* #..###.#### #.#..####.###.
*,* *#........## #.#..# #.# *,
*,* #..######..###.#..# #.# *,
*,***#,**,,,,##.##§§§§.# #.#
*,
*,,,**,*,****,#..#§§§§.####.#
*,
***,**,*,*<,*,#[)#§§§.......#
*,
****,**,*,*_,+*#@H###...######
*, ,,,,,,,,*,****#..!#*#...#
*, ****,**,**,,,..#...##...#
*, *,**,,***####...##...# *,
*,,,,,,,,,,,....##...#*******,
****,***,,,*#...##....,,,,,,,,
*,,,,,,,,.........#********
*****,,,,...,*#..**
******,,,,,,,*


You could see a hippogriff.

Vanquished Creatures
  An ogre (D:4)
  A giant frog skeleton (D:5)
  An orc priest (D:5)
  An iguana (D:4)
  Jessica (D:3)
  A hound skeleton (D:4)
  A gnoll (D:1)
  7 adders
  3 giant mites
  2 worms (D:2)
  3 giant geckos
  An ooze (D:2)
  12 orcs
  A giant cockroach (D:1)
  8 goblins
  5 hobgoblins
  9 kobolds
  6 bats
  4 giant newts
  A jackal skeleton (D:3)
  A quokka (D:2)
  A quokka skeleton (D:4)
  14 rats
85 creatures vanquished.

Vanquished Creatures (collateral kills)
  Grinder (D:4)
  A giant mite (D:3)
  A worm (D:4)
  An orc (D:3)
  3 goblins
  A jackal (D:3)
  A kobold (D:3)
  A giant newt (D:3)
10 creatures vanquished.

Vanquished Creatures (others)
  2 adder skeletons
  An iguana skeleton (D:4)
  A goblin skeleton (D:4)
  A hobgoblin skeleton (D:2)
  3 orc zombies (D:5)
8 creatures vanquished.

Grand Total: 103 creatures vanquished

Notes
Turn   | Place    | Note
--------------------------------------------------------------
     0 | D:1      | velleities, the Demonspawn Necromancer, began the quest for the Orb.
     0 | D:1      | Reached XP level 1. HP: 13/13 MP: 3/3
   341 | D:1      | Gained mutation: You are partially covered in rugged brown scales (AC +1, +3% HP). [demonic ancestry]
   341 | D:1      | Reached XP level 2. HP: 11/19 MP: 0/4
   705 | D:1      | Reached skill level 5 in Necromancy
   792 | D:1      | Reached XP level 3. HP: 12/24 MP: 0/6
  1031 | D:1      | Learned a level 3 spell: Vampiric Draining
  1144 | D:2      | Learned a level 1 spell: Animate Skeleton
  1522 | D:2      | Reached XP level 4. HP: 16/30 MP: 0/7
  1880 | D:2      | Noticed an angel
  1881 | D:2      | Found a glowing silver altar of Zin.
  1947 | D:2      | Reached skill level 6 in Necromancy
  2685 | D:3      | Found a deep blue altar of Sif Muna.
  2895 | D:3      | Gained mutation: You are slightly more attuned to the shadows. [demonic ancestry]
  2895 | D:3      | Reached XP level 5. HP: 15/36 MP: 0/9
  3104 | D:3      | Noticed Jessica
  3113 | D:3      | Killed Jessica
  3134 | D:3      | Reached skill level 7 in Necromancy
  3845 | D:4      | Noticed an ogre
  3850 | D:4      | Killed an ogre
  3850 | D:4      | Reached skill level 8 in Necromancy
  3850 | D:4      | Reached XP level 6. HP: 36/42 MP: 3/10
  3902 | D:4      | Noticed Grinder
  3930 | D:4      | Paralysed by Grinder for 5 turns
  3958 | D:4      | Paralysed by Grinder for 2 turns
  3968 | D:4      | Killed Grinder
  3968 | D:4      | Reached skill level 1 in Fighting
  4135 | D:4      | Found a glowing golden altar of the Shining One.
  4209 | D:4      | Found a staircase to the Ecumenical Temple.
  4225 | Temple   | Entered the Ecumenical Temple
  4280 | Temple   | Became a worshipper of Kikubaaqudgha
  4550 | D:5      | Entered Level 5 of the Dungeon
  4557 | D:5      | Learned a level 3 spell: Regeneration
  4689 | D:5      | Learned a level 4 spell: Animate Dead
  4903 | D:5      | Gained mutation: You have a pair of small horns on your head. [demonic ancestry]
  4903 | D:5      | Reached XP level 7. HP: 30/49 MP: 2/15
  4913 | D:5      | Noticed a hippogriff
  4939 | D:5      | HP: 1/49 [hippogriff (4)]
  4940 | D:5      | Slain by a hippogriff

Action                   |  1- 3 |  4- 6 |  7- 9 || total
-------------------------+-------+-------+-------++-------
Melee: Dagger            |     1 |       |       ||     1
       Flail             |     2 |   145 |     2 ||   149
 Cast: Pain              |    66 |    44 |     6 ||   116
       Animate Skeleton  |     2 |    20 |       ||    22
       Vampiric Draining |       |     7 |       ||     7
       Animate Dead      |       |     1 |       ||     1
  Use: Scroll            |       |     8 |     1 ||     9
       Potion            |       |     5 |     3 ||     8
 Stab: Sleeping          |       |     6 |       ||     6
  Eat: Chunk             |     2 |     8 |       ||    10
       Meat ration       |     1 |       |       ||     1
       Beef jerky        |       |     1 |       ||     1
